 Dungeon Crawl Stone Soup version 0.31-a0-868-g674d60d6f7 (webtiles) character file.

Game seed: 6077475186838575477

410602 GigaChad the Peltast (level 25, -10/183 HPs) *EXPLORE*
             Began as a Formicid Fighter on Oct 6, 2023.
             Was an Initiate of Gozag.
             Mangled by a death scarab (11 damage)
             ... summoned by a royal mummy
             ... on level 3 of the Tomb of the Ancients on Oct 11, 2023.
             The game lasted 01:44:41 (48065 turns).

GigaChad the Peltast (Formicid Fighter)            Turns: 48065, Time: 01:44:43

Health: -10/183    AC: 27    Str: 28 (36) XL:     25   Next: 23%
Magic:  44/44      EV: 23    Int: -8 (7)  God:    Gozag
Gold:   10213      SH: 17    Dex:  5 (17) Spells: 48/48 levels left

rFire   + . .        a - +9 war axe (spect)
rCold   . . .        c - +4 kite shield {rC+}
rNeg    . . .        u - +10 plate armour {ponderous}
rPois   .            (helmet unavailable)
rElec   .            r - +0 cloak "Vasagit" {Str+3}
rCorr   .            (no gloves)
SInv    +            D - +2 pair of slick slippers {slick, slippery, EV+4}
Will    +++..        X - amulet "Vaox Qom" {RegenMP Regen+ Str+3 Int-5 Slay+2}
Stlth   +            h - ring "Basom" {Fire Will+ MP+9 Str+3 Dex+4}
HPRegen 0.00/turn    H - ring of the Hare {EV+10}
MPRegen 0.69/turn

%: no passive effects
@: lethally poisoned (-10 -> -46), inhibited regen, slowed, lost intelligence,
studying Translocations, unable to read, very slow
A: permanent stasis, dig shafts and tunnels, antennae 3, four strong arms,
iridescent scales 1, deformed body, deterioration 2, frail 1, low MP 1,
screaming 1, inhibited regeneration, weak 1, inability to drink after injury 1,
inability to read after injury 2
a: Dig, Shaft Self, Renounce Religion, Potion Petition, Call Merchant, Bribe
Branch


You were on level 3 of the Tomb of the Ancients.
You worshipped Gozag.
Gozag was extremely pleased with you.
You visited 8 branches of the dungeon, and saw 36 of its levels.
You visited the Abyss 2 times.
You also visited: Ice Cave.

You collected 20006 gold pieces.
You spent 9321 gold pieces at shops.
You paid 472 gold pieces to Gozag.

Inventory:

Hand Weapons
 a - a +9 spectral war axe (weapon)
 b - the +7 hand cannon "Mule" {flame, backblast, rF+}
   (You bought it in a shop on level 1 of the Depths)

   rF+:       It protects you from fire.
 w - the +9 mace of Imbalance {flame, +Blink Str+6}
   (You found it on level 2 of the Depths)

   Str+6:     It affects your strength (+6).
   +Blink:    It lets you blink.
 x - the +9 sword of Power {lifebolt}
   (You bought it in a shop on level 2 of the Orcish Mines)
 A - the +7 great mace "Undeadhunter" {deathbane, rN+}
   (You found it on level 3 of the Crypt)

   rN+:       It protects you from negative energy.
 P - the +8 hand axe of Okawaru's Fury {holy, rF+++ rC+ Int-5 SInv}
   (You took it off a spriggan berserker on level 1 of the Depths)

   Int-5:     It affects your intelligence (-5).
   rF+++:     It renders you almost immune to fire.
   rC+:       It protects you from cold.
   SInv:      It lets you see invisible.
 Q - the +2 war axe of the Sun {drain, +Blink rF++}
   (You bought it in a shop on level 1 of the Depths)

   rF++:      It greatly protects you from fire.
   +Blink:    It lets you blink.
 R - the +8 battleaxe of the Ten Lies {venom, rC+ Will+}
   (You found it on level 3 of the Tomb of the Ancients)

   rC+:       It protects you from cold.
   Will+:     It increases your willpower.
 U - the +8 mace of the Sneaky Dances {flame, Fly rN+ Will++}
   (You found it on level 1 of the Lair of Beasts)

   rN+:       It protects you from negative energy.
   Will++:    It greatly increases your willpower.
   Fly:       It grants you flight.
Armour
 c - a +4 kite shield of cold resistance (worn)
 l - a +2 hat
 o - the +8 orange crystal plate armour {Archmagi, Int+3 Clar}
   (You found it on level 3 of the Tomb of the Ancients)

   Int+3:     It affects your intelligence (+3).
   Clar:      It protects you from confusion, rage, mesmerisation and fear.
 r - the +0 cloak "Vasagit" (worn) {Str+3}
   (You bought it in a shop on level 2 of the Orcish Mines)

   Str+3:     It affects your strength (+3).
 u - a +10 plate armour of ponderousness (worn)
 D - the +2 pair of slick slippers (worn) {slick, slippery, EV+4}
   (You bought it in a shop on level 2 of the Orcish Mines)

   Slick:     Its wearer cannot be constricted, engulfed, netted or webbed.
   Slippery:  Its wearer slips away from damaging melee attacks, pulling the
   attacker onward.
   EV+4:      It affects your evasion (+4).
 J - +3 swamp dragon scales
 O - the +1 pair of boots of the Sturgeon {rElec}
   (You acquired it on level 4 of the Lair of Beasts)

   rElec:     It insulates you from electricity.
 V - +0 ice dragon scales
 W - the +0 plate armour of Saonof {Harm Str+2 Int+3}
   (You found it on level 2 of the Lair of Beasts)

   Str+2:     It affects your strength (+2).
   Int+3:     It affects your intelligence (+3).
   Harm:      It increases damage dealt and taken.
Jewellery
 h - the ring "Basom" (left hand) {Fire Will+ MP+9 Str+3 Dex+4}
   (You found it on level 3 of the Depths)

   [ring of fire]

   Fire:      It enhances your fire magic.
   Str+3:     It affects your strength (+3).
   Dex+4:     It affects your dexterity (+4).
   rF+:       It protects you from fire.
   rC-:       It makes you vulnerable to cold.
   Will+:     It increases your willpower.
   MP+9:      It affects your magic capacity (+9).
 j - the amulet "Xeided" {rPois Regen+}
   (You found it in an ice cave)

   [amulet of regeneration]

   rPois:     It protects you from poison Regen+: It increases your rate of
   health regeneration.
 m - the ring "Moihulou" {Ice rPois Dex-3 SInv}
   (You found it in an ice cave)

   [ring of ice]

   Ice:       It enhances your ice magic.
   Dex-3:     It affects your dexterity (-3).
   rF-:       It makes you vulnerable to fire.
   rC+:       It protects you from cold.
   rPois:     It protects you from poison SInv: It lets you see invisible.
 q - the ring of Moal {rPois rC+ Dex+3 Stlth+}
   (You found it on level 13 of the Dungeon)

   [ring of protection from cold]

   Dex+3:     It affects your dexterity (+3).
   rC+:       It protects you from cold.
   rPois:     It protects you from poison Stlth+: It makes you more stealthy.
 v - the ring "Jiggev" {Fire rPois Int-2 Slay+2 SInv}
   (You found it on level 2 of the Vaults)

   [ring of fire]

   Fire:      It enhances your fire magic.
   Int-2:     It affects your intelligence (-2).
   Slay+2:    It affects your accuracy & damage with ranged weapons and melee
   (+2).
   rF+:       It protects you from fire.
   rC-:       It makes you vulnerable to cold.
   rPois:     It protects you from poison SInv: It lets you see invisible.
 H - the ring of the Hare (right hand) {EV+10}
   (You found it on level 3 of the Lair of Beasts)

   [ring of evasion]

   EV+10:     It affects your evasion (+10).
 L - the amulet of Finality {Faith rN++ rCorr Str+2}
   (You bought it in a shop on level 5 of the Dungeon)

   [amulet of faith]

   Faith:     It allows you to gain divine favour quickly.
   Str+2:     It affects your strength (+2).
   rN++:      It greatly protects you from negative energy.
   rCorr:     It protects you from acid and corrosion.
 M - the ring "Xuiwat" {Wiz rPois rF++ Str-4 Int+3}
   (You found it on level 3 of the Tomb of the Ancients)

   [ring of wizardry]

   Wiz:       It improves your spell success rate.
   Str-4:     It affects your strength (-4).
   Int+3:     It affects your intelligence (+3).
   rF++:      It greatly protects you from fire.
   rPois:     It protects you from poison
 N - the ring of Uduz {rF- rC+++ rN++ rCorr AC+4}
   (You found it on level 3 of the Depths)

   [ring of protection]

   AC+4:      It affects your AC (+4).
   rF-:       It makes you vulnerable to fire.
   rC+++:     It renders you almost immune to cold.
   rN++:      It greatly protects you from negative energy.
   rCorr:     It protects you from acid and corrosion.
 T - the amulet "Honkecw" {Spirit rElec rF+ Str+3}
   (You took it off a spriggan berserker on level 1 of the Depths)

   [amulet of guardian spirit]

   Spirit:    It causes incoming damage to be divided between your reserves of
   health and magic.
   Str+3:     It affects your strength (+3).
   rF+:       It protects you from fire.
   rElec:     It insulates you from electricity.
 X - the amulet "Vaox Qom" (around neck) {RegenMP Regen+ Str+3 Int-5 Slay+2}
   (You found it on level 1 of the Depths)

   [amulet of magic regeneration]

   RegenMP:   It increases your rate of magic regeneration.
   Str+3:     It affects your strength (+3).
   Int-5:     It affects your intelligence (-5).
   Slay+2:    It affects your accuracy & damage with ranged weapons and melee
   (+2).
   Regen+:    It increases your rate of health regeneration.
Talismans
 n - a dragon-blood talisman
 K - a serpent talisman
 S - a granite talisman
Wands
 t - a wand of iceblast (56)
 C - a wand of flame (55)
 I - a wand of paralysis (38)
Scrolls
 f - 26 scrolls of identify
 p - a scroll of brand weapon
 z - 3 scrolls of enchant weapon
 B - 8 scrolls of immolation
 F - 6 scrolls of fear
Potions
 d - 6 potions of might
 e - 5 potions of mutation
 i - 7 potions of curing (quivered)
 k - 7 potions of lignification
 s - 2 potions of resistance
 E - 4 potions of heal wounds
Miscellaneous
 g - a figurine of a ziggurat
 y - a lightning rod (4/4)
 G - a phantom mirror
 Y - a tin of tremorstones (2/2)
 Z - a box of beasts (inert)


   Skills:
 * Level 18.0 Fighting
 * Level 10.2 Long Blades
 * Level 19.2(20.4) Axes
 * Level 11.6(16.7) Maces & Flails
 * Level 12.3 Ranged Weapons
 * Level 15.6 Armour
 * Level 9.1 Dodging
 * Level 15.8 Stealth
 * Level 19.4 Shields
 * Level 12.4 Spellcasting
 * Level 10.8 Shapeshifting


You had 48 spell levels left.
You didn't know any spells.
Your spell library contained the following spells:

 Spells                   Type           Power      Damage    Failure   Level
 Apportation              Tloc           0%         N/A       83%         1
 Kiss of Death            Conj/Necr      0%         2d5       83%         1
 Magic Dart               Conj           0%         1d3       83%         1
 Necrotise                Necr           0%         1d4       83%         1
 Shock                    Conj/Air       0%         1d3       83%         1
 Summon Small Mammal      Summ           0%         N/A       83%         1
 Call Imp                 Summ           0%         N/A       93%         2
 Cigotuvi's Dreadful Rot  Necr/Pois/Air  0%         N/A       93%         2
 Ensorcelled Hibernation  Hex/Ice        0%         N/A       93%         2
 Jinxbite                 Hex            0%         N/A       93%         2
 Lesser Beckoning         Tloc           0%         N/A       93%         2
 Searing Ray              Conj           0%         2d4       93%         2
 Sublimation of Blood     Necr           0%         N/A       93%         2
 Wereblood                Tmut           0%         N/A       93%         2
 Call Canine Familiar     Summ           0%         N/A       99%         3
 Confusing Touch          Hex            0%         N/A       99%         3
 Gell's Gravitas          Tloc           0%         N/A       99%         3
 Ignite Poison            Fire/Tmut/Pois 0%         N/A       99%         3
 Inner Flame              Hex/Fire       0%         N/A       99%         3
 Mephitic Cloud           Conj/Pois/Air  0%         N/A       99%         3
 Stone Arrow              Conj/Erth      0%         3d7       99%         3
 Summon Guardian Golem    Hex/Summ       0%         N/A       99%         3
 Teleport Other           Tloc           0%         N/A       99%         3
 Volatile Blastmotes      Fire/Tloc      0%         2d10      99%         3
 Airstrike                Air            0%         2d(0-16)  100%        4
 Anguish                  Hex/Necr       0%         N/A       100%        4
 Animate Armour           Summ/Erth      0%         N/A       100%        4
 Cause Fear               Hex            0%         N/A       100%        4
 Dispel Undead            Necr           0%         3d6       100%        4
 Flame Wave               Conj/Fire      0%         2d4       100%        4
 Fulminant Prism          Conj/Hex       0%         3d5       100%        4
 Iskenderun's Mystic Bla  Conj/Tloc      0%         2d3       100%        4
 Petrify                  Tmut/Erth      0%         N/A       100%        4
 Sticky Flame             Conj/Fire      0%         2d3       100%        4
 Summon Lightning Spire   Summ/Air       0%         N/A       100%        4
 Borgnjor's Vile Clutch   Necr/Erth      0%         N/A       100%        5
 Fireball                 Conj/Fire      0%         3d3       100%        5
 Freezing Cloud           Conj/Ice/Air   0%         6-21      100%        5
 Irradiate                Conj/Tmut      0%         3d11      100%        5
 Death Channel            Necr           0%         N/A       100%        6
 Enfeeble                 Hex            0%         N/A       100%        7
 Haunt                    Necr/Summ      0%         N/A       100%        7
 Malign Gateway           Summ/Tloc      0%         N/A       100%        7
 Ozocubu's Refrigeration  Ice            0%         4d7       100%        7
 Spellforged Servitor     Conj/Summ      0%         N/A       100%        7
 Summon Hydra             Summ           0%         N/A       100%        7
 Infestation              Necr           0%         N/A       100%        8
 Lehudib's Crystal Spear  Conj/Erth      0%         10d2      100%        8
 Summon Horrible Things   Summ           0%         N/A       100%        8
 Dragon's Call            Summ           0%         N/A       100%        9
 Polar Vortex             Ice            0%         N/A       100%        9
 Swiftness                Air            Unusable   N/A       N/A         3
 Animate Dead             Necr           Unusable   N/A       N/A         4
 Simulacrum               Ice/Necr       Unusable   N/A       N/A         6

Dungeon Overview and Level Annotations

Branches:
Dungeon (15/15)            Temple (1/1) D:5            Lair (5/5) D:8
  Swamp (0/4) Lair:2       Spider (0/4) Lair:3        Slime (0/5) Lair:5
    Orc (2/2) D:12            Elf (0/3) Orc:2        Vaults (3/5) D:13
  Crypt (3/3) Vaults:3       Tomb (3/3) Crypt:3      Depths (4/4) D:15
    Zot (0/5) Depths:4      IceCv (visited)

Altars:
Ashenzari
Cheibriados
Dithmenos
Elyvilon
Fedhas
Gozag
Hepliaklqana
Kikubaaqudgha
Makhleb
Nemelex Xobeh
Okawaru
Qazlal
Ru
Sif Muna
Trog
Uskayaw
Vehumet
Wu Jian
Xom
Yredelemnul
Zin
The Shining One
Jiyva
Lugonu

Shops:
D:5 =[(   D:11 [   D:12 =:   D:13 *   D:15 (   Orc:2 [*:(   Depths:1 *([(!
Depths:4 !

Portals:
Hell: Depths:1 Depths:2 Depths:3 Depths:4
Abyss: Lair:5 Depths:3 Depths:4
Pandemonium: Depths:2

Annotations:
Depths:4 4 transporters


Innate Abilities, Weirdness & Mutations

You cannot be hasted, slowed, berserked, paralysed or teleported.
You can dig through walls and to a lower floor.
You have a pair of large antennae on your head. (SInv)
Your four strong arms can wield two-handed weapons with a shield.
You are partially covered in iridescent scales. (AC +2)
Armour fits poorly on your strangely shaped body.
Your body often deteriorates upon taking damage.
You are frail. (-10% HP)
Your magical capacity is low. (-10% MP)
You occasionally shout uncontrollably at your foes.
You do not regenerate when monsters are visible.
You are weak. (Str -2)
You occasionally lose the ability to drink potions when taking damage.
You sometimes lose the ability to read scrolls when taking damage.


Message History

Your +9 spectral war axe closely misses the guardian mummy.
Your +9 spectral war axe completely misses the emperor scorpion.
Your +9 spectral war axe hits the death scarab! x2
You destroy the death scarab!
The death scarab's corpse disappears in a puff of smoke!
Your +9 spectral war axe hits the emperor scorpion!
Your +9 spectral war axe hits the guardian mummy!
Your +9 spectral war axe hits the guardian mummy.
Your +9 spectral war axe hits the emperor scorpion!
* * * LOW HITPOINT WARNING * * *
You feel extremely sick. The death scarab bites you!
* * * LOW HITPOINT WARNING * * *
The death scarab drains your vigour!
Your stasis prevents you from being slowed.
The death scarab draws strength from your injuries!
The death scarab misses your +9 spectral war axe.
The death scarab closely misses your +9 spectral war axe.
The death scarab waves its antennae.
The death scarab fails to trigger a net trap.
The death scarab completely misses you.
The emperor scorpion closely misses your +9 spectral war axe.
The emperor scorpion claws your +9 spectral war axe.
The emperor scorpion closely misses your +9 spectral war axe.
The death scarab misses your +9 spectral war axe.
The royal mummy misses you.
The emperor scorpion stings your +9 spectral war axe!!
Your spectral weapon shares its damage with you!
* * * LOW HITPOINT WARNING * * *
The emperor scorpion claws your +9 spectral war axe.
Your spectral weapon shares its damage with you!
* * * LOW HITPOINT WARNING * * *
The emperor scorpion claws your +9 spectral war axe.
Your spectral weapon shares its damage with you!
Your +9 spectral war axe disappears.
* * * LOW HITPOINT WARNING * * *
You block the emperor scorpion's attack. x3
You block the death scarab's attack. The death scarab bites you!
You die...
Your body crumbles into a pile of gold.

{^{.{{##....### {
{{{{##..^.$..###
{
,{{##.9M)$..$..#
{{
##<...$$.$...## {
##..$......$...#
{{
#..$$3M.......?#
##^.9Ms3W......:#
#^..$sBMB.....)[#
#...MM@BB..|/|)[#
+....Bss..=).=.##
#.....B./%..))##
#........)|"|##
##.^..?:....##
#......).:##
##..(.[/)##
##...=.## #######


You could see a royal mummy, 4 emperor scorpions, a mummy priest, a soul eater
(summoned), 3 guardian mummies, 2 ushabtiu, a sixfirhy (summoned), a wraith
(summoned), 6 death scarabs and a mummy.

Vanquished Creatures
  3 juggernauts
  11 royal mummies
  3 caustic shrikes
  5 golden dragons
  3 bone dragons
  Rupert (D:12)
  A hellephant (Abyss:3)
  A walking crystal tome (Depths:3)
  A tentacled monstrosity (Depths:3)
  A shard shrike skeleton (Crypt:3)
  8 liches
  4 walking earthen tomes (Depths:2)
  A quicksilver dragon (Abyss:3)
  6 sphinxes
  A walking frostbound tome (Depths:3)
  A sphinx (shapeshifter) (Depths:2)
  6 ancient champions
  A death cob (Crypt:1)
  Roxanne (D:15)
  2 tengu reavers
  Kirke (Lair:4)
  A storm dragon (Depths:2)
  A draconian knight (Depths:4)
  4 revenants
  5 fire giants
  2 azure jellies (IceCv)
  2 iron dragons (Depths:1)
  A caustic shrike zombie (Depths:1)
  6 vault wardens
  4 frost giants
  5 ghouls
  A curse skull (Crypt:2)
  3 orc warlords
  2 quicksilver oozes (IceCv)
  3 spriggan defenders (Depths:2)
  2 caustic shrike skeletons
  2 reapers
  A juggernaut skeleton (Crypt:2)
  2 ironbound thunderhulks (Vaults:3)
  15 stone giants
  4 formless jellyfish
  6 ironbound preservers
  An ophan (Abyss:3)
  22 very ugly things
  4 war gargoyles (Crypt:3)
  2 yellow draconians (Depths:4)
  A lorocyproca (Abyss:2)
  A black draconian (Depths:4)
  6 vampire knights
  3 bennus (Tomb:2)
  A dire elephant (shapeshifter) (Depths:2)
  A purple draconian (Depths:4)
  12 dire elephants
  3 spark wasps
  3 crystal guardians (Crypt:3)
  Snorg (Lair:3)
  5 ettins
  5 mummy priests
  4 jiangshi (Crypt:1)
  10 yaktaur captains
  A quicksilver dragon zombie (Depths:2)
  A great orb of eyes (shapeshifter) (Depths:3)
  A merfolk impaler (Depths:4)
  3 fire dragons
  A great orb of eyes (Vaults:3)
  Erolcha (D:9)
  3 rakshasas (Depths:1)
  A hell beast (Depths:1)
  2 spriggan zombies (Crypt:1)
  A vault guard (Vaults:2)
  5 hydras
  4 spriggan air magi
  8 ice dragons
  2 ogre magi
  8 boulder beetles
  A sphinx zombie (Depths:1)
  A spriggan skeleton (Crypt:1)
  A catoblepas (Lair:2)
  13 centaur warriors
  5 dancing weapons (Crypt:3)
  9 deep troll shamans
  2 ironbound frosthearts
  8 two-headed ogres
  A two-headed ogre (shapeshifter) (Depths:3)
  5 tengu warriors
  A hell hog (Depths:1)
  12 thrashing horrors
  5 death yaks
  2 titan zombies
  28 death scarabs
  5 deep troll earth magi
  2 death knights
  3 orc high priests (Orc:2)
  6 spriggan berserkers
  8 vampire magi
  17 hell knights
  3 soul eaters (Crypt:1)
  A fire crab (shapeshifter) (Depths:3)
  3 skysharks
  51 skeletal warriors
  3 iron trolls
  A salamander mystic (Depths:2)
  2 storm dragon skeletons
  A skyshark (shapeshifter) (Depths:3)
  A death drake (shapeshifter) (D:15)
  Lodul (D:11)
  4 glowing orange brains
  A golden dragon zombie (Crypt:3)
  7 phantasmal warriors
  3 flayed ghosts
  11 ironbound convokers
  A spark wasp zombie (Crypt:1)
  32 deep trolls
  8 orc knights
  2 bunyip skeletons
  An iron giant skeleton (Crypt:3)
  13 lindwurms
  6 wizards
  A spriggan simulacrum (Crypt:1)
  Pikel (D:4)
  2 bog bodies
  18 necromancers
  A steelbarb worm (shapeshifter) (Depths:3)
  A shadow dragon zombie (Crypt:1)
  A harpy (Vaults:3)
  A wolf spider (Lair:3)
  An anaconda skeleton (Crypt:1)
  4 orc sorcerers (Orc:2)
  A wolf spider (shapeshifter) (Depths:3)
  2 iron dragon zombies
  26 ugly things
  5 cyclopes
  3 salamanders (Depths:2)
  8 elephants (Lair:2)
  3 salamanders (shapeshifter)
  A moth of wrath (shapeshifter) (Depths:3)
  A worldbinder (Abyss:3)
  2 manticores
  An iron dragon skeleton (Depths:2)
  3 stone giant skeletons
  10 vault sentinels
  4 centaur zombies
  2 torpor snails
  An elephant (shapeshifter) (Depths:3)
  3 ice statues
  A black mamba (shapeshifter) (Depths:3)
  2 fire giant skeletons (Vaults:3)
  A frost giant skeleton (Depths:1)
  A guardian serpent (shapeshifter) (Depths:3)
  A water nymph (shapeshifter) (Depths:2)
  3 smoke demons
  17 cane toads
  3 unseen horrors
  8 black mambas
  A grey draconian zombie (Crypt:1)
  2 efreet
  A yellow draconian zombie (Crypt:2)
  Maggie (D:9)
  2 redback zombies (Crypt:2)
  A rime drake (shapeshifter) (D:14)
  An unseen horror (shapeshifter) (Abyss:3)
  An elf skeleton (Vaults:3)
  6 rime drakes
  9 komodo dragons
  10 yaktaurs
  2 ice devils (Lair:1)
  A dire elephant skeleton (Crypt:3)
  2 ancient zymes
  4 freezing wraiths
  4 tengu conjurers (D:15)
  17 guardian mummies
  A queen bee (D:13)
  A white draconian skeleton (Crypt:2)
  3 meliai (D:13)
  7 polar bears
  2 polar bears (shapeshifter) (Depths:3)
  A tyrant leech (Lair:2)
  3 hellwings (Abyss:2)
  A queen bee (shapeshifter) (Depths:3)
  2 wind drakes (shapeshifter)
  A tarantella (Lair:3)
  2 harpy skeletons
  Grinder (D:4)
  An iron troll skeleton (Crypt:1)
  2 hornets
  9 trolls
  38 blink frogs
  13 raiju
  A radroach zombie (Crypt:1)
  A dream sheep (Lair:2)
  2 jumping spiders (Lair:3)
  An ettin zombie (Crypt:1)
  A black mamba zombie (Crypt:1)
  A frost giant simulacrum (Depths:1)
  An ettin skeleton (Vaults:3)
  4 shadows
  23 flying skulls
  51 slime creatures
  A fire dragon skeleton (Crypt:1)
  3 ushabtiu (Tomb:3)
  2 spriggans
  A hog (shapeshifter) (Depths:3)
  A fire elemental (D:11)
  67 yaks
  10 large abominations
  4 ynoxinuls
  10 wraiths
  A water elemental (Depths:4)
  2 vampires
  8 basilisks
  2 neqoxecs (Abyss:3)
  7 wyverns
  5 hogs (Lair:4)
  A redback (Lair:3)
  2 harpy simulacra (Crypt:1)
  2 chaos spawn
  17 small abominations
  A demonspawn zombie (Crypt:1)
  10 vampire mosquitoes
  A glowing shapeshifter zombie (Depths:2)
  9 wargs
  16 water moccasins
  2 acid dragons
  6 hell hounds (Abyss:2)
  A two-headed ogre zombie (D:12)
  3 black bears
  44 orc warriors
  A glowing shapeshifter skeleton (Vaults:3)
  4 naga skeletons
  A deep troll skeleton (Crypt:2)
  2 sky beasts
  A great orb of eyes simulacrum (IceCv)
  2 ice beasts
  13 ogres
  A dream sheep zombie (Crypt:1)
  5 human skeletons (Vaults:3)
  A boggart (Vaults:2)
  25 wolves
  A snapping turtle skeleton (Crypt:1)
  13 centaurs
  2 phantoms
  3 slime creature simulacra (IceCv)
  2 kobold brigands
  23 bullfrogs
  6 necrophages
  7 scorpions
  A two-headed ogre simulacrum (Lair:1)
  2 glowing shapeshifter simulacra (IceCv)
  3 wights (D:6)
  A cane toad simulacrum (Lair:1)
  A draconian skeleton (Crypt:2)
  40 killer bees
  3 troll zombies (D:12)
  4 electric eels
  8 howler monkeys
  4 crimson imps (D:3)
  3 lava snakes (Lair:3)
  A quasit (Abyss:3)
  16 orc priests
  4 hounds
  A gnoll bouda (D:9)
  3 jellies
  3 sleepcaps
  13 starcursed masses
  3 iguanas
  Natasha (thrice) (D:3)
  26 orc wizards
  A polar bear simulacrum (Lair:1)
  5 shapeshifter simulacra (IceCv)
  7 hell rats (Lair:5)
  A troll simulacrum (Lair:1)
  A wolf simulacrum (Lair:1)
  A killer bee zombie (Crypt:2)
  4 ogre zombies (D:12)
  22 mummies
  8 adders
  11 gnolls
  2 naga simulacra (Lair:1)
  6 shadow imps
  10 white imps
  7 ufetubi
  A jelly zombie (Crypt:1)
  2 worms
  2 dart slugs (D:1)
  A dart slug (shapeshifter) (Depths:2)
  75 orcs
  6 bats
  10 endoplasms
  2 giant cockroaches
  3 goblins (D:2)
  5 hobgoblins
  13 jackals
  17 kobolds
  2 quokkas (D:3)
  6 ball pythons
  6 frilled lizards
  2 goblin skeletons (D:12)
  4 goblin zombies (D:12)
  A hobgoblin skeleton (D:12)
  2 hobgoblin zombies (D:12)
  16 orc zombies (D:12)
  A quokka skeleton (Crypt:1)
  7 rats
  3 spectral weapons (Orc:1)
  A starspawn tentacle (Abyss:2)
1704 creatures vanquished.

Vanquished Creatures (others)
  A dread lich (Crypt:3)
  2 bennus (Tomb:1)
  A deep troll (Vaults:3)
  A guardian mummy (Tomb:3)
  A wolf (Lair:1)
  82 spectral weapons
88 creatures vanquished.

Grand Total: 1792 creatures vanquished

Notes
Turn   | Place    | Note
-------+----------+-------------------------------------------
     0 | D:1      | GigaChad the Formicid Fighter began the quest for the Orb.
     0 | D:1      | Reached XP level 1. HP: 18/18 MP: 1/1
     0 | D:1      | Entered explore mode.
   107 | D:1      | Reached XP level 2. HP: 24/24 MP: 2/2
   565 | D:1      | Reached XP level 3. HP: 28/29 MP: 3/3
   864 | D:2      | Reached skill level 1 in Stealth
   906 | D:2      | Reached XP level 4. HP: 26/37 MP: 4/4
  1632 | D:3      | Upgraded the game from 0.31-a0-851-g7ff8af7976 to
                  | 0.31-a0-859-g9dce7d3444
  1699 | D:3      | Reached XP level 5. HP: 13/42 MP: 6/6
  1909 | D:3      | Noticed Natasha
  1917 | D:3      | Killed Natasha
  1918 | D:3      | Reached skill level 1 in Spellcasting
  1989 | D:3      | Reached skill level 5 in Shields
  1989 | D:3      | Reached XP level 6. HP: 30/48 MP: 7/7
  2025 | D:3      | Noticed Natasha
  2038 | D:3      | Killed Natasha
  2266 | D:3      | Found a shimmering altar of Xom.
  2266 | D:3      | Noticed Natasha
  2279 | D:3      | Killed Natasha
  2304 | D:3      | Reached XP level 7. HP: 26/54 MP: 9/9
  2624 | D:4      | Noticed Pikel
  2633 | D:4      | Slain by a lemure (5 damage)
                  | ... led by Pikel
  2655 | D:4      | Killed from afar by Pikel (5 damage)
                  | ... with a puff of flame
  2662 | D:4      | Slain by Pikel
                  | ... wielding a +1 whip of electrocution
                  | (19 damage)
  2668 | D:4      | Killed Pikel
  2669 | D:4      | Reached skill level 5 in Axes
  2669 | D:4      | Reached skill level 5 in Armour
  2669 | D:4      | Reached XP level 8. HP: 25/61 MP: 9/11
  2895 | D:4      | Noticed Grinder
  2936 | D:4      | Killed Grinder
  3286 | D:4      | Found a hide-covered altar of Uskayaw.
  3304 | D:4      | Reached skill level 5 in Fighting
  3661 | D:5      | Entered Level 5 of the Dungeon
  3952 | D:5      | Found Uxeurch's Weapon Shoppe.
  4000 | D:5      | Found a staircase to the Ecumenical Temple.
  4004 | D:5      | Noticed a two-headed ogre
  4011 | D:5      | Demolished by a two-headed ogre
                  | ... wielding a +0 giant club
                  | (28 damage)
  4017 | D:5      | Killed a two-headed ogre
  4018 | D:5      | Reached XP level 9. HP: 8/68 MP: 13/13
  4024 | Temple   | Entered the Ecumenical Temple
  4046 | Temple   | Became a worshipper of Gozag Ym Sagoz the Greedy
  4241 | D:5      | Noticed a hornet
  4255 | D:5      | Slain by a hornet (13 damage)
  4259 | D:5      | Killed a hornet
  4614 | D:5      | Found Ymmagh's Antique Armour Boutique.
  5095 | D:5      | Found Zerag's Jewellery Emporium.
  5418 | D:6      | Reached skill level 5 in Stealth
  5743 | D:6      | Reached XP level 10. HP: 58/76 MP: 15/15
  7555 | D:8      | Found a stormy altar of Qazlal.
  7622 | D:8      | Noticed a death yak
  7624 | D:8      | Noticed a death yak
  7625 | D:8      | Noticed a death yak
  7628 | D:8      | Reached skill level 10 in Axes
  7628 | D:8      | Reached XP level 11. HP: 35/84 MP: 17/17
  7630 | D:8      | HP: 2/84 [death yak (21)]
  7631 | D:8      | Mangled by a death yak (14 damage)
  7640 | D:8      | HP: 2/84 [death yak (8)]
  7640 | D:8      | Slain by a death yak (6 damage)
  7651 | D:8      | HP: 2/84 [death yak (4)]
  7651 | D:8      | Slain by a death yak (4 damage)
                  | ... while petrified by a basilisk
  7653 | D:8      | Killed a death yak
  7661 | D:8      | HP: 4/84 [death yak (1)]
  7662 | D:8      | Slain by a death yak (4 damage)
                  | ... while petrified by a basilisk
  7676 | D:8      | Killed a death yak
  7682 | D:8      | Slain by a death yak (14 damage)
  7687 | D:8      | Killed a death yak
  7828 | D:8      | Found a staircase to the Lair.
  7866 | D:8      | Reached skill level 5 in Spellcasting
  8074 | D:8      | HP: 4/86 [yak (13)]
  8389 | D:8      | Noticed a cyclops
  8389 | D:8      | Noticed an ogre mage
  8389 | D:8      | Noticed a centaur warrior
  8390 | D:8      | Found a runed translucent door.
  8392 | D:8      | Noticed a tengu warrior
  8392 | D:8      | Noticed a skeletal warrior
  8392 | D:8      | Noticed a cyclops
  8408 | D:8      | Killed a centaur warrior
  8416 | D:8      | HP: 1/86 [skeletal warrior/+0 mace (15)]
  8417 | D:8      | Slain by a skeletal warrior
                  | ... wielding a +0 mace
                  | (7 damage)
  8434 | D:8      | Killed a skeletal warrior
  8443 | D:8      | Killed a cyclops
  8452 | D:8      | HP: 1/86 [tengu warrior/+0 dire flail (6)]
  8456 | D:8      | Slain by a tengu warrior
                  | ... wielding a +0 dire flail
                  | (3 damage)
  8457 | D:8      | Killed a tengu warrior
  8469 | D:8      | Killed a cyclops
  8470 | D:8      | Reached XP level 12. HP: 55/94 MP: 20/20
  8490 | D:8      | Killed an ogre mage
  8503 | D:8      | HP: 3/94 [slime creature (13)]
  8506 | D:8      | Identified the +2 leather armour of Eternal Night {+Blink
                  | rF+ rC++}
  9021 | D:9      | Noticed Maggie
  9034 | D:9      | Killed Maggie
  9137 | D:9      | Noticed a two-headed ogre
  9146 | D:9      | Killed a two-headed ogre
  9294 | D:5      | Bought the amulet of Finality {Faith rN++ rCorr Str+2} for
                  | 673 gold pieces
  9294 | D:5      | Bought a granite talisman for 800 gold pieces
  9914 | D:9      | Reached skill level 1 in Shapeshifting
 10065 | D:9      | Noticed Erolcha
 10082 | D:9      | Killed Erolcha
 10409 | D:10     | Entered Level 10 of the Dungeon
 10427 | D:10     | Found a snail-covered altar of Cheibriados.
 10431 | D:10     | Found a sparkling altar of Nemelex Xobeh.
 10534 | D:10     | Upgraded the game from 0.31-a0-859-g9dce7d3444 to
                  | 0.31-a0-865-g3d5d91748a
 10777 | D:10     | Found a white marble altar of Elyvilon.
 11367 | Lair:1   | Entered Level 1 of the Lair of Beasts
 11446 | Lair:1   | Reached skill level 10 in Armour
 11780 | Lair:1   | Reached XP level 13. HP: 71/101 MP: 22/22
 11788 | Lair:1   | HP: 5/101 [basilisk (4)]
 11789 | Lair:1   | HP: 2/101 [polar bear (3)]
 11790 | Lair:1   | Slain by a komodo dragon (6 damage)
                  | ... while petrified by a basilisk
 12337 | Lair:1   | Slain by a blink frog (12 damage)
 12529 | Lair:1   | Killed from afar by an electric eel (10 damage)
                  | ... with a bolt of electricity
 12538 | Lair:1   | Killed from afar by an electric eel (11 damage)
                  | ... with a bolt of electricity
 12873 | Lair:1   | Identified the +8 mace of the Sneaky Dances {flame, Fly rN+
                  | Will++}
 13179 | Lair:1   | Mangled by a two-headed ogre simulacrum (19 damage)
 13182 | Lair:1   | Slain by a naga simulacrum (10 damage)
 13184 | Lair:1   | HP: 3/97 [two-headed ogre simulacrum (19)]
 13185 | Lair:1   | Slain by a polar bear (5 damage)
 13191 | Lair:1   | HP: 2/98 [naga simulacrum (14)]
 13191 | Lair:1   | Constricted to death by a naga simulacrum (4 damage)
 13197 | Lair:1   | Mangled by a polar bear (11 damage)
 13201 | Lair:1   | HP: 3/103 [ice devil (20)]
 13202 | Lair:1   | Mangled by a polar bear (11 damage)
 13205 | Lair:1   | Mangled by an ice devil (23 damage)
 13206 | Lair:1   | Reached skill level 10 in Fighting
 13210 | Lair:1   | Reached skill level 1 in Maces & Flails
 13212 | Lair:1   | Mangled by an ice devil (19 damage)
 13217 | Lair:1   | Reached skill level 10 in Shields
 13244 | Lair:1   | Killed from afar by an ice statue (13 damage)
                  | ... with a shard of ice
 13291 | Lair:1   | Killed from afar by an ice statue (21 damage)
                  | ... with a freezing blast
 13927 | Lair:2   | HP: 3/103 [yak (4)]
 13927 | Lair:2   | Slain by a black mamba (4 damage)
 13941 | Lair:2   | HP: 4/103 [komodo dragon (10)]
 13941 | Lair:2   | HP: 1/103 [wolf (2)]
 13942 | Lair:2   | Mangled by a black mamba (7 damage)
 14294 | Lair:2   | HP: 5/104 [elephant (13)]
 14295 | Lair:2   | Mangled by an elephant (13 damage)
 14360 | Lair:2   | Noticed a four-headed hydra
 14379 | Lair:2   | HP: 2/104 [yak (6)]
 14379 | Lair:2   | Slain by an elephant (6 damage)
 14385 | Lair:2   | HP: 1/104 [13-headed hydra (8)]
 14385 | Lair:2   | Slain by a 13-headed hydra (3 damage)
 14387 | Lair:2   | Slain by an elephant (9 damage)
 14390 | Lair:2   | HP: 2/104 [16-headed hydra (12)]
 14390 | Lair:2   | Mangled by a 16-headed hydra (10 damage)
 14395 | Lair:2   | Slain by an 18-headed hydra (12 damage)
 14399 | Lair:2   | Slain by a 19-headed hydra (13 damage)
 14405 | Lair:2   | HP: 3/104 [20-headed hydra (4)]
 14405 | Lair:2   | Slain by a 20-headed hydra (4 damage)
 14409 | Lair:2   | Slain by a 20-headed hydra (3 damage)
 14413 | Lair:2   | HP: 3/104 [19-headed hydra (8)]
 14413 | Lair:2   | Slain by a 19-headed hydra (5 damage)
 14415 | Lair:2   | Killed a 19-headed hydra
 14416 | Lair:2   | Reached XP level 14. HP: 34/111 MP: 24/24
 14650 | Lair:2   | Identified the +0 plate armour of Saonof {Harm Str+2 Int+3}
 14787 | Lair:2   | HP: 5/111 [poisoned by a cane toad]
 14792 | Lair:2   | HP: 3/111 [poisoned by a cane toad]
 15351 | Lair:2   | Found a staircase to the Swamp.
 15428 | Lair:2   | Slain by a skyshark (16 damage)
 15529 | Lair:2   | Slain by a komodo dragon (18 damage)
 15783 | Lair:2   | HP: 2/113 [black mamba (5)]
 15783 | Lair:2   | Slain by a boulder beetle (6 damage)
                  | ... while petrified by a catoblepas
 15834 | Lair:2   | HP: 1/113 [boulder beetle (7)]
 15841 | Lair:2   | Demolished by a boulder beetle (18 damage)
 16227 | Lair:3   | HP: 5/113 [12-headed hydra (1)]
 16228 | Lair:3   | HP: 2/113 [12-headed hydra (2)]
 16228 | Lair:3   | Slain by a 12-headed hydra (5 damage)
 16234 | Lair:3   | HP: 3/113 [18-headed hydra (12)]
 16234 | Lair:3   | Slain by an 18-headed hydra (8 damage)
 16237 | Lair:3   | Slain by a 19-headed hydra (8 damage)
 16266 | Lair:3   | Found a hole to the Spider Nest.
 16631 | Lair:3   | Mangled by a 14-headed hydra (12 damage)
 16745 | Lair:3   | Noticed Snorg
 16763 | Lair:3   | HP: 1/113 [Snorg (15)]
 16764 | Lair:3   | Slain by Snorg (5 damage)
 16766 | Lair:3   | Identified the +1 scale mail of the Boiling Point {Drain
                  | Str+4 Dex+3}
 16776 | Lair:3   | HP: 5/113 [Snorg (5)]
 16778 | Lair:3   | Mangled by Snorg (13 damage)
 16784 | Lair:3   | Killed Snorg
 17245 | Lair:3   | Found a runed translucent door.
 17275 | Lair:3   | Found a runed translucent gate.
 17277 | Lair:3   | Found a runed translucent gate.
 17306 | Lair:3   | HP: 3/113 [tarantella (7)]
 17306 | Lair:3   | Slain by a jumping spider (4 damage)
 17320 | Lair:3   | Slain by a wolf spider (11 damage)
 17531 | Lair:3   | Found a runed translucent gate.
 17531 | Lair:3   | Found a runed translucent gate.
 17531 | Lair:3   | Found a runed translucent gate.
 17531 | Lair:3   | Identified the +4 whip of Royalism {venom, Str+2}
 17532 | Lair:3   | Found a runed translucent gate.
 17546 | Lair:3   | Found the ring of the Hare {EV+10}
 17601 | Lair:3   | HP: 4/113 [lindwurm (3)]
 17605 | Lair:3   | Killed from afar by a lindwurm (11 damage)
                  | ... with a blast of flame
 17616 | Lair:3   | Mangled by a boulder beetle (16 damage)
 17634 | Lair:3   | HP: 5/113 [lava snake/glob of lava (6)]
 17643 | Lair:3   | Killed from afar by a lava snake (13 damage)
                  | ... with a glob of lava
 18356 | Lair:4   | HP: 1/114 [14-headed hydra (6)]
 18356 | Lair:4   | Mangled by a 14-headed hydra (10 damage)
 18363 | Lair:4   | HP: 5/114 [20-headed hydra (7)]
 18364 | Lair:4   | Slain by a 19-headed hydra (5 damage)
 18370 | Lair:4   | Slain by a 19-headed hydra (10 damage)
 18485 | Lair:4   | Reached XP level 15. HP: 120/120 MP: 26/26
 18543 | Lair:4   | Identified a scroll of acquirement
 18543 | Lair:4   | Acquired the +1 pair of boots of the Sturgeon {rElec}
 18679 | Lair:4   | Noticed Kirke
 18686 | Lair:4   | Reached skill level 10 in Stealth
 18689 | Lair:4   | Reached skill level 1 in Dodging
 18696 | Lair:4   | Killed Kirke
 18697 | Lair:4   | Reached skill level 15 in Axes
 18994 | Lair:4   | Found a shimmering altar of Xom.
 19217 | Lair:5   | Entered Level 5 of the Lair of Beasts
 19452 | Lair:5   | Reached skill level 5 in Shapeshifting
 19561 | Lair:5   | HP: 6/120 [16-headed hydra (10)]
 19561 | Lair:5   | HP: 2/120 [16-headed hydra (4)]
 19563 | Lair:5   | Slain by an 18-headed hydra (6 damage)
 20088 | Lair:5   | HP: 5/121 [burnt (2)]
 20089 | Lair:5   | HP: 1/121 [burnt (4)]
 20090 | Lair:5   | Incinerated by a smoke demon (6 damage)
                  | ... with a sticky flame
 20500 | Lair:5   | Found a corrupted altar of Lugonu.
 20500 | Lair:5   | Found a one-way gate to the infinite horrors of the Abyss.
 20987 | Lair:5   | Found a staircase to the Slime Pits.
 20988 | Lair:5   | Found a viscous altar of Jiyva.
 21939 | D:11     | Noticed Lodul
 21960 | D:11     | Killed Lodul
 22437 | D:11     | Found a frozen archway.
 22498 | D:11     | Found Zufalerph's Armour Boutique.
 22514 | D:11     | Reached XP level 16. HP: 112/129 MP: 28/28
 22558 | IceCv    | Entered an ice cave
 22849 | IceCv    | Reached skill level 5 in Maces & Flails
 22877 | IceCv    | HP: 3/129 [large slime creature (10)]
 22878 | IceCv    | Drowned by a quicksilver ooze (5 damage)
 23026 | IceCv    | Found a viscous altar of Jiyva.
 23026 | IceCv    | Noticed an azure jelly
 23029 | IceCv    | Noticed an azure jelly
 23047 | IceCv    | Killed an azure jelly
 23053 | IceCv    | Killed an azure jelly
 23313 | IceCv    | Identified the amulet "Xeided" {rPois Regen+}
 23333 | IceCv    | Got the ring "Moihulou" {Ice rPois Dex-3 SInv}
 23899 | D:12     | Found Hanif's Book Shop.
 23913 | D:12     | Bought a manual of Ranged Weapons for 1120 gold pieces
 24175 | D:12     | Found a staircase to the Orcish Mines.
 24221 | D:12     | Reached skill level 1 in Ranged Weapons
 24252 | D:12     | Noticed Rupert
 24284 | D:12     | Killed Rupert
 24475 | Orc:1    | Entered Level 1 of the Orcish Mines
 24854 | Orc:1    | Found an ornate altar of the Wu Jian Council.
 24854 | Orc:1    | Found a transporter.
 24912 | Orc:1    | Found a transporter.
 24967 | Orc:1    | Found a transporter.
 24968 | Orc:1    | Found an ornate altar of the Wu Jian Council.
 24994 | Orc:1    | Found a transporter.
 25649 | Orc:2    | Entered Level 2 of the Orcish Mines
 25650 | Orc:2    | Found Hufec's Antique Weapon Shop.
 25810 | Orc:2    | Found Isanubah's General Store.
 25879 | Orc:2    | Bought the +9 sword of Power {lifebolt} for 2080 gold
                  | pieces
 25879 | Orc:2    | Found the +9 sword of Power {lifebolt}
 25914 | Orc:2    | Killed by divine providence
                  | ... invoked by an orc priest
                  | (12 damage)
 25938 | Orc:2    | Reached skill level 1 in Long Blades
 25939 | Orc:2    | Killed by divine providence
                  | ... invoked by an orc priest
                  | (16 damage)
 26102 | Orc:2    | Found Witrere's Book Shoppe.
 26109 | Orc:2    | Found a staircase to the Elven Halls.
 26164 | Orc:2    | Found Futzigg's Antique Armour Shoppe.
 26166 | Orc:2    | Gained mutation: You occasionally lose the ability to read
                  | scrolls when taking damage. [a neqoxec]
 26171 | Orc:2    | Reached XP level 17. HP: 130/137 MP: 29/29
 26195 | Orc:2    | Bought the +2 pair of slick slippers {slick, slippery,
                  | EV+4} for 1187 gold pieces
 26195 | Orc:2    | Found the +2 pair of slick slippers {slick, slippery, EV+4}
 26229 | Orc:2    | Bought the +0 cloak "Vasagit" {Str+3} for 320 gold pieces
 27465 | D:13     | Identified the ring of Moal {rPois rC+ Dex+3 Stlth+}
 27722 | D:13     | Found Zin's Purification Station.
 27723 | D:13     | Found a glowing silver altar of Zin.
 28091 | D:13     | Found a gate to the Vaults.
 29024 | D:15     | Entered Level 15 of the Dungeon
 29051 | Abyss:2  | Cast into level 2 of the Abyss (a wizard)
 29055 | Abyss:2  | Found a corrupted altar of Lugonu.
 29140 | Abyss:2  | HP: 5/137 [red very ugly thing (4)]
 29144 | Abyss:2  | Demolished by a purple very ugly thing (19 damage)
 29351 | Abyss:2  | HP: 1/138 [starcursed mass/accursed screaming (12)]
 29391 | Abyss:2  | Noticed a tentacled starspawn
 29402 | D:15     | Escaped the Abyss
 29943 | D:15     | HP: 1/138 [deep troll (8)]
 29944 | D:15     | Reached skill level 5 in Ranged Weapons
 29952 | D:15     | HP: 1/138 [stone giant (4)]
 30334 | D:15     | Found a staircase to the Depths.
 30655 | D:15     | Noticed Roxanne
 30678 | D:15     | Killed Roxanne
 30679 | D:15     | Reached XP level 18. HP: 84/146 MP: 31/31
 30876 | D:15     | Found Remuile's Antique Weapon Shop.
 31212 | Depths:1 | Entered Level 1 of the Depths
 31227 | Depths:1 | HP: 1/146 [deep troll earth mage (8)]
 31230 | Depths:1 | Identified the +8 hand axe of Okawaru's Fury {holy, rF+++
                  | rC+ Int-5 SInv}
 31230 | Depths:1 | Identified the amulet "Honkecw" {Spirit rElec rF+ Str+3}
 31230 | Depths:1 | Hit by a large rock thrown by a stone giant (18 damage)
 31242 | Depths:1 | HP: 3/146 [tengu warrior/+0 great sword (7)]
 31250 | Depths:1 | Killed by the air
                  | ... invoked by a spriggan air mage
                  | (10 damage)
 31261 | Depths:1 | HP: 5/146 [spriggan berserker/+0 hand axe (14)]
 31265 | Depths:1 | HP: 2/146 [spriggan air mage (5)]
 31265 | Depths:1 | Demolished by a spriggan berserker
                  | ... wielding the +8 hand axe of Okawaru's Fury
                  | {holy, rF+++ rC+ Int-5 SInv}
                  | (18 damage)
 31269 | Depths:1 | Reached skill level 5 in Dodging
 31347 | Depths:1 | Reached skill level 5 in Long Blades
 31477 | Depths:1 | Got a murmuring book
 31480 | Depths:1 | Identified the +0 scale mail "Kyevok" {Rampage rPois rC+
                  | Str-3}
 31481 | Depths:1 | Identified the amulet "Vaox Qom" {RegenMP Regen+ Str+3
                  | Int-5 Slay+2}
 31750 | Depths:1 | Noticed a juggernaut
 31769 | Depths:1 | Killed a juggernaut
 31987 | Depths:1 | Found Dumoaph's Antique Armour Shoppe.
 32042 | Depths:1 | Found Utox's Antique Weapon Emporium.
 32164 | Depths:1 | Found a gateway to Hell.
 32177 | Depths:1 | HP: 5/147 [reaper/+1 vampiric scythe (10)]
 32184 | Depths:1 | HP: 1/147 [ice dragon (7)]
 32188 | Depths:1 | Reached skill level 10 in Spellcasting
 32625 | Depths:1 | Found Hucrocaf's Distillery.
 32628 | Depths:1 | Bought a potion of experience for 1100 gold pieces
 32630 | Depths:1 | Reached XP level 19. HP: 154/154 MP: 33/33
 32631 | Depths:1 | Upgraded the game from 0.31-a0-865-g3d5d91748a to
                  | 0.31-a0-868-g674d60d6f7
 32750 | Depths:1 | Killed from afar by a fire giant (37 damage)
                  | ... with a fireball
 32796 | Depths:1 | Reached XP level 20. HP: 129/161 MP: 34/34
 32925 | Depths:1 | Found Bukesem's General Store.
 32957 | Depths:1 | Found Hefalel's Antique Weapon Shoppe.
 32960 | Depths:1 | Bought the +7 hand cannon "Mule" {flame, backblast, rF+}
                  | for 1769 gold pieces
 32960 | Depths:1 | Bought an ebony war axe for 272 gold pieces
 32960 | Depths:1 | Identified the +2 war axe of the Sun {drain, +Blink rF++}
                  | (You bought it in a shop on level 1 of the Depths)
 32960 | Depths:1 | Found the +7 hand cannon "Mule" {flame, backblast, rF+}
 33223 | Depths:2 | Noticed a golden dragon
 33259 | Depths:2 | HP: 6/161 [golden dragon (12)]
 33260 | Depths:2 | Killed a golden dragon
 33263 | Depths:2 | Annihilated by a spriggan berserker
                  | ... wielding a +0 rapier of flaming
                  | (37 damage)
 33277 | Depths:2 | HP: 1/161 [ettin/+0 dire flail (16)]
 33278 | Depths:2 | Mangled by a spriggan defender
                  | ... wielding a +2 demon whip of venom
                  | (15 damage)
 33290 | Depths:2 | Reached skill level 15 in Fighting
 33482 | Depths:2 | Noticed a caustic shrike
 33491 | Depths:2 | Killed a caustic shrike
 33544 | Depths:2 | Reached skill level 15 in Shields
 33726 | Depths:2 | Found a runed translucent door.
 33894 | Depths:2 | Identified the +9 mace of Imbalance {flame, +Blink Str+6}
 34310 | Depths:2 | Found a one-way gate leading to the halls of Pandemonium.
 34609 | Depths:2 | Noticed a golden dragon
 34618 | Depths:2 | Killed a golden dragon
 34940 | Depths:3 | Noticed a caustic shrike
 34940 | Depths:3 | Noticed a tentacled monstrosity
 34940 | Depths:3 | Noticed a caustic shrike
 34949 | Depths:3 | Killed a caustic shrike
 34952 | Depths:3 | Killed a caustic shrike
 34960 | Depths:3 | Killed a tentacled monstrosity
 35042 | Depths:3 | Noticed a golden dragon
 35049 | Depths:3 | Killed a golden dragon
 35233 | Depths:3 | Noticed a walking crystal tome
 35233 | Depths:3 | Noticed a golden dragon
 35239 | Depths:3 | Killed a walking crystal tome
 35245 | Depths:3 | Killed a golden dragon
 35303 | Depths:3 | Reached XP level 21. HP: 165/169 MP: 35/35
 35400 | Depths:3 | Identified the ring of Uduz {rF- rC+++ rN++ rCorr AC+4}
 35684 | Depths:3 | Noticed a juggernaut
 35687 | Depths:3 | Annihilated by a juggernaut (37 damage)
 35693 | Depths:3 | Slain by a juggernaut (12 damage)
 35699 | Depths:3 | Annihilated by a juggernaut (44 damage)
 35703 | Depths:3 | Slain by a juggernaut (17 damage)
 35717 | Depths:3 | Slain by a juggernaut (45 damage)
 35720 | Depths:3 | Annihilated by a juggernaut (36 damage)
 35722 | Depths:3 | Killed a juggernaut
 35733 | Depths:3 | Demolished by a walking frostbound tome (26 damage)
 35739 | Depths:3 | Killed from afar by a living spell (49 damage)
                  | ... with an iceblast
                  | ... summoned by a walking frostbound tome
 35744 | Depths:3 | Annihilated by a walking frostbound tome (59 damage)
 36187 | Depths:3 | Identified the ring "Basom" {Fire Will+ MP+9 Str+3 Dex+4}
 36328 | Depths:4 | Entered Level 4 of the Depths
 36338 | Depths:4 | Found a transporter.
 36339 | Depths:4 | Found a transporter.
 36385 | Depths:4 | Noticed a juggernaut
 36398 | Depths:4 | Killed a juggernaut
 36451 | Depths:4 | HP: 3/60 [iron troll (14)]
 36456 | Depths:4 | Slain by an iron troll (9 damage)
 36661 | Depths:4 | Found a transporter.
 36663 | Depths:4 | Found a transporter.
 36813 | Depths:4 | Found Oluot's Distillery.
 37079 | Depths:4 | Noticed a bone dragon
 37093 | Depths:4 | Killed a bone dragon
 37206 | Depths:4 | Found a gate to the Realm of Zot.
 37207 | Depths:4 | Noticed a golden dragon
 37219 | Depths:4 | Killed a golden dragon
 37782 | Vaults:1 | Entered Level 1 of the Vaults
 38375 | Vaults:1 | Identified the +1 leather armour "Linauhuu" {rElec rPois
                  | rF- Will+}
 39102 | Vaults:2 | Reached skill level 10 in Ranged Weapons
 39102 | Vaults:2 | Reached XP level 22. HP: 160/178 MP: 37/37
 39304 | Vaults:2 | Identified the ring "Jiggev" {Fire rPois Int-2 Slay+2 SInv}
 39999 | Abyss:3  | Cast into level 3 of the Abyss (a wizard)
 40103 | Abyss:3  | Gained mutation: You are partially covered in iridescent
                  | scales. (AC +2) [a neqoxec]
 40210 | Abyss:3  | Killed from afar by a quicksilver dragon (30 damage)
                  | ... with a bolt of dispelling energy
 40265 | Abyss:3  | Gained mutation: You occasionally shout uncontrollably at
                  | your foes. [a neqoxec]
 40281 | Vaults:2 | Escaped the Abyss
 41152 | Vaults:3 | Reached XP level 23. HP: 169/186 MP: 38/38
 41794 | Vaults:3 | Found a staircase to the Crypt.
 41829 | Crypt:1  | Entered Level 1 of the Crypt
 42022 | Crypt:1  | HP: 7/175 [ancient champion/+0 battleaxe of freezing (16)]
 42026 | Crypt:1  | Mangled by an ancient champion
                  | ... wielding a +0 battleaxe of freezing
                  | (19 damage)
 42044 | Crypt:1  | HP: 3/167 [vampire mage/vampiric draining (14)]
 42044 | Crypt:1  | HP: 1/167 [soul eater (2)]
 42046 | Crypt:1  | Mangled by a soul eater (15 damage)
 42100 | Crypt:1  | Reached skill level 10 in Shapeshifting
 42570 | Crypt:1  | Reached skill level 15 in Armour
 42592 | Crypt:1  | Reached skill level 15 in Stealth
 43302 | Crypt:2  | Reached skill level 10 in Maces & Flails
 44014 | Crypt:3  | Entered Level 3 of the Crypt
 44171 | Crypt:3  | Reached XP level 24. HP: 194/195 MP: 38/38
 44299 | Crypt:3  | Found a staircase to the Tomb.
 44299 | Crypt:3  | Found the +7 great mace "Undeadhunter" {deathbane, rN+}
 44693 | Crypt:3  | Noticed a dread lich
 44694 | Crypt:3  | Found a basalt altar of Yredelemnul.
 44708 | Crypt:3  | Killed a dread lich
 45715 | Tomb:1   | Entered Level 1 of the Tomb of the Ancients
 45817 | Tomb:1   | Gained mutation: You are weak. (Str -2) [mutagenic glow]
 45825 | Tomb:1   | Gained mutation: Your body sometimes deteriorates upon
                  | taking damage. [mutagenic glow]
 45830 | Tomb:1   | HP: 8/197 [ancient champion/+2 great mace of pain (3)]
 45831 | Tomb:1   | HP: 1/197 [sphinx (9)]
 45831 | Tomb:1   | Slain by a sphinx (3 damage)
 45835 | Tomb:1   | Gained mutation: You have hidden genetic defects.
                  | [mutagenic glow]
 45848 | Tomb:1   | Gained mutation: You occasionally lose the ability to drink
                  | potions when taking damage. [mutagenic glow]
 45903 | Tomb:1   | Noticed a royal mummy
 45906 | Tomb:1   | Noticed a royal mummy
 45916 | Tomb:1   | Noticed a royal mummy
 45919 | Tomb:1   | HP: 2/197 [bennu (15)]
 45925 | Tomb:1   | Slain by a death scarab (10 damage)
 45950 | Tomb:1   | Noticed a royal mummy
 45961 | Tomb:1   | HP: 5/190 [revenant/ghostly fireball (23)]
 45966 | Tomb:1   | Engulfed by a revenant's spectral mist (11 damage)
 45993 | Tomb:1   | Killed a royal mummy
 46014 | Tomb:1   | HP: 8/195 [poisoned by an emperor scorpion]
 46017 | Tomb:1   | HP: 3/196 [poisoned by an emperor scorpion]
 46020 | Tomb:1   | Killed a royal mummy
 46020 | Tomb:1   | Killed by a royal mummy's death curse (30 damage)
 46033 | Tomb:1   | Killed a royal mummy
 46061 | Tomb:1   | Gained mutation: Your body often deteriorates upon taking
                  | damage. [hidden defects]
 46062 | Tomb:1   | Killed a royal mummy
 46409 | Tomb:1   | Identified the +8 pearl dragon scales "Avvotur" {rC+ rN+
                  | Dex+3}
 47524 | Tomb:2   | Noticed a royal mummy
 47524 | Tomb:2   | Noticed a royal mummy
 47524 | Tomb:2   | Noticed a royal mummy
 47524 | Tomb:2   | Noticed a royal mummy
 47533 | Tomb:2   | Killed by divine providence
                  | ... invoked by a royal mummy
                  | (16 damage)
 47536 | Tomb:2   | Slain by an ancient champion
                  | ... wielding a +0 great sword
                  | (18 damage)
 47540 | Tomb:2   | HP: 8/193 [ancient champion/+0 great sword (7)]
 47541 | Tomb:2   | HP: 1/193 [ancient champion/+0 great sword (4)]
 47541 | Tomb:2   | Mangled by a bennu (13 damage)
 47541 | Tomb:2   | Gained mutation: You sometimes lose the ability to read
                  | scrolls when taking damage. [mutagenic glow]
 47546 | Tomb:2   | Killed by divine providence
                  | ... invoked by a royal mummy
                  | (15 damage)
 47553 | Tomb:2   | Slain by a death scarab (19 damage)
                  | ... summoned by a royal mummy
 47553 | Tomb:2   | Lost intelligence.
 47555 | Tomb:2   | Mangled by a mummy priest (19 damage)
                  | ... while paralysed
 47557 | Tomb:2   | HP: 7/193 [ancient champion/+0 great sword (9)]
 47558 | Tomb:2   | Killed by an exploding bennu (34 damage)
                  | ... ignited by themself
 47559 | Tomb:2   | Killed by an exploding bennu (17 damage)
                  | ... ignited by themself
 47559 | Tomb:2   | Gained mutation: Your magical capacity is low. (-10% MP)
                  | [mutagenic glow]
 47563 | Tomb:2   | You fall into a shaft and drop 1 floor!
 47563 | Tomb:3   | Entered Level 3 of the Tomb of the Ancients
 47563 | Tomb:3   | Found the +8 orange crystal plate armour {Archmagi, Int+3
                  | Clar}
 47563 | Tomb:3   | Found the +8 pair of quick blades "Gyre" and "Gimble"
                  | {protect}
 47563 | Tomb:3   | Found the +3 salamander hide armour {Flames, rFlCloud rF++
                  | rC--}
 47569 | Tomb:3   | Reached skill level 10 in Long Blades
 47571 | Tomb:3   | Gained mutation: You do not regenerate when monsters are
                  | visible. [mutagenic glow]
 47826 | Tomb:3   | Identified the ring "Riwua" {Fly rElec rN+ Dex+4}
 47827 | Tomb:3   | Identified the ring "Xuiwat" {Wiz rPois rF++ Str-4 Int+3}
 47849 | Tomb:3   | Identified the amulet "Ithyb" {RegenMP Contam rC- Will+
                  | Dex+7}
 47851 | Tomb:3   | Got a strange book
 47853 | Tomb:3   | Identified the +5 flail "Yneq Nyna" {freeze, Dex+7}
 47857 | Tomb:3   | Identified the +8 battleaxe of the Ten Lies {venom, rC+
                  | Will+}
 47878 | Tomb:3   | Identified the +5 spear of Qaolomn {spect, rPois}
 47897 | Tomb:3   | Identified the +0 leather armour of the Jumping Gods
                  | {Slay+5}
 47899 | Tomb:3   | Identified the +2 quarterstaff of Qavi {flame, *Corrode
                  | Int+8 Stlth-}
 47907 | Tomb:3   | Identified the staff of Gozag's Fury {rC++ rCorr Dex+3
                  | Conj}
 47948 | Tomb:3   | Noticed a royal mummy
 47948 | Tomb:3   | Noticed a royal mummy
 47951 | Tomb:3   | Noticed a royal mummy
 47952 | Tomb:3   | Noticed a royal mummy
 47954 | Tomb:3   | Noticed a royal mummy
 47955 | Tomb:3   | Noticed a royal mummy
 47955 | Tomb:3   | HP: 9/183 [??? (7)]
 47956 | Tomb:3   | HP: 4/183 [death scarab (4)]
 47956 | Tomb:3   | HP: 1/183 [royal mummy (3)]
 47956 | Tomb:3   | Noticed a royal mummy
 47957 | Tomb:3   | Succumbed to poison (dark miasma)
 47958 | Tomb:3   | Noticed a royal mummy
 47963 | Tomb:3   | HP: 5/190 [poisoned by an ushabti (dark miasma)]
 47964 | Tomb:3   | Succumbed to an ushabti's dark miasma
 47967 | Tomb:3   | Engulfed by an ushabti's foul pestilence (10 damage)
 47969 | Tomb:3   | Killed a royal mummy
 47969 | Tomb:3   | Killed a royal mummy
 47969 | Tomb:3   | HP: 9/191 [death scarab (12)]
 47969 | Tomb:3   | HP: 3/191 [death scarab (6)]
 47970 | Tomb:3   | Reached XP level 25. HP: 3/203 MP: 35/35
 47970 | Tomb:3   | Succumbed to an ushabti's dark miasma
 47974 | Tomb:3   | Succumbed to an ushabti's dark miasma
 47975 | Tomb:3   | Succumbed to an ushabti's dark miasma
 47978 | Tomb:3   | HP: 6/198 [royal mummy/divine providence (14)]
 47978 | Tomb:3   | HP: 1/198 [emperor scorpion[a royal mummy] (2)]
 47979 | Tomb:3   | Engulfed by an ushabti's foul pestilence (2 damage)
 47979 | Tomb:3   | Gained mutation: Armour fits poorly on your strangely
                  | shaped body. [hidden defects]
 47979 | Tomb:3   | Lost mutation: You have hidden genetic defects. [hidden
                  | defects expressed]
 47980 | Tomb:3   | Killed a royal mummy
 47982 | Tomb:3   | Succumbed to an ushabti's dark miasma
 47985 | Tomb:3   | Succumbed to an ushabti's dark miasma
 47988 | Tomb:3   | Succumbed to an ushabti's dark miasma
 47993 | Tomb:3   | HP: 10/203 [royal mummy/divine providence (12)]
 47994 | Tomb:3   | HP: 4/203 [poisoned by an ushabti (dark miasma)]
 47994 | Tomb:3   | HP: 1/203 [death scarab[a royal mummy] (3)]
 47995 | Tomb:3   | Succumbed to an ushabti's dark miasma
 47998 | Tomb:3   | Mangled by a royal mummy (10 damage)
 48001 | Tomb:3   | Killed a royal mummy
 48003 | Tomb:3   | HP: 7/203 [royal mummy (10)]
 48004 | Tomb:3   | HP: 3/203 [poisoned by an ushabti (dark miasma)]
 48004 | Tomb:3   | HP: 1/203 [emperor scorpion[a royal mummy] (2)]
 48004 | Tomb:3   | Slain by an emperor scorpion (3 damage)
                  | ... summoned by a royal mummy
 48005 | Tomb:3   | Killed a royal mummy
 48016 | Tomb:3   | HP: 10/203 [poisoned by an ushabti (dark miasma)]
 48017 | Tomb:3   | Killed by divine providence
                  | ... invoked by a mummy priest
                  | (14 damage)
 48023 | Tomb:3   | Killed a royal mummy
 48023 | Tomb:3   | HP: 9/203 [something (14)]
 48023 | Tomb:3   | Engulfed by an ushabti's foul pestilence (9 damage)
 48027 | Tomb:3   | HP: 2/203 [poisoned by an ushabti (dark miasma)]
 48028 | Tomb:3   | Engulfed by a cloud of foul pestilence (7 damage)
 48031 | Tomb:3   | Mangled by a jiangshi (9 damage)
                  | ... summoned by a mummy priest
 48035 | Tomb:3   | HP: 10/203 [poison (dark miasma)]
 48035 | Tomb:3   | Slain by a death scarab (11 damage)
                  | ... summoned by a royal mummy
 48044 | Tomb:3   | HP: 9/203 [royal mummy (19)]
 48045 | Tomb:3   | HP: 3/203 [poisoned by an ushabti (dark miasma)]
 48045 | Tomb:3   | Gained mutation: You are frail. (-10% HP) [a neqoxec]
 48045 | Tomb:3   | HP: 1/182 [ushabti/vile air (2)]
 48046 | Tomb:3   | Succumbed to an ushabti's dark miasma
 48052 | Tomb:3   | HP: 9/182 [emperor scorpion[a royal mummy] (2)]
 48053 | Tomb:3   | Killed a royal mummy
 48053 | Tomb:3   | Killed by a royal mummy's death curse (12 damage)
 48063 | Tomb:3   | Succumbed to an emperor scorpion's poison
 48065 | Tomb:3   | HP: 3/183 [emperor scorpion[a royal mummy] (13)]
 48065 | Tomb:3   | HP: 1/183 [emperor scorpion[a royal mummy] (1)]
 48065 | Tomb:3   | Mangled by a death scarab

Illustrated notes

Levels and vault maps discovered:
D:1:      onia_arrival_mini_spirals, layout_loops_ring, st_stairs_9
D:2:      layout_basic
D:3:      layout_rooms, led_xom_imps, uniq_natasha
D:4:      layout_loops_ring, lemuel_crystal_altar, uniq_grinder, uniq_pikel
D:5:      layout_loops_ring, minmay_temple_entry_purple_smoke, serial_shops,
          nicolae_shop_tiny_statue_garden, nicolae_inconvenience_store,
          kennysheep_little_box, serial_demonic, serial_demonic_f,
          serial_demonic_c, serial_demonic_b, serial_demonic_a
D:6:      layout_loops_ring, minmay_misc_feat_five, minmay_pentangle
D:7:      layout_rooms, nzn_random_ring
D:8:      minmay_gate_of_8, layout_cave_pools, nicolae_overflow_crystal_walls,
          dpeg_lair_monsters
D:9:      layout_irregular_city, serial_column_ruins,
          column_ruins_square_medium, column_ruins_hut, column_ruins_open_large,
          column_ruins_grid_1, column_ruins_grid_2,
          column_ruins_columns_straight, column_ruins_open_small,
          abandoned_shop, uniq_maggie, uniq_erolcha
D:10:     layout_rooms, elyvilon_altar_5, jmf_multi_god_temple, the_hattery
D:11:     layout_roguey, serial_shops, shop, portal_ice_cave_entry_pillars_1,
          kennysheep_generic_room_9, uniq_lodul
D:12:     layout_stronghold, zombieorc2_lemuel, serial_shops,
          kennysheep_mini_moat, minmay_misc_feat_pillars, uniq_rupert
D:13:     layout_roguey [special_room_bee], david_vaults_1, st_stairs_3,
          minmay_door_square, zin_purify
D:14:     layout_long_grid, chequers_serial_rivers_micro_a
D:15:     hangedman_depths_entry_civil_slaughter, layout_loops_ring,
          serial_shops, shop, chequers_hall_statues_y, uniq_roxanne
Temple:   lightli_temple_of_artemis
Lair:1:   dreamdust_isle_of_ice, layout_layer_cave,
          grunt_forest_large_clearings, infiniplex_staircase_pool,
          serial_bayou_shore_a, grunt_megastairs_4
Lair:2:   nzn_winding_woodlands_stair_cross [nzn_winding_woodlands_5x15_twine,
          nzn_winding_woodlands_center_garden,
          nzn_winding_woodlands_5x15_garden,
          nzn_winding_woodlands_5x5_checkerboard,
          nzn_winding_woodlands_5x5_three,
          nzn_winding_woodlands_5x15_split_checker,
          nzn_winding_woodlands_center_diamonds,
          nzn_winding_woodlands_5x15_eye], layout_big_grid,
          minmay_swamp_entry_worms, columned_hall_lemuel
Lair:3:   gammafunk_indiana_jones, layout_cave_shapes,
          spider_nest_entry_web_field, uniq_snorg
Lair:4:   layout_cave_shapes, basic_altar, eino_small_chamber_without_monster,
          serial_bayou_ford_a, uniq_kirke
Lair:5:   hellmonk_lair_end_abyssal_woods, layout_cave_pods,
          nicolae_slime_entry_slimehenge, gauntlet_entry_generic, minivault_27,
          grunt_forest_small_clearing_treed, lemuel_fruit_tree
Orc:1:    dreamdust_wu_jian_sword_trials, layout_caves, library_closet,
          nooodl_orcs_dogs
Orc:2:    grunt_orc_gardens, layout_caves, grunt_orc_garden, grunt_orc_garden,
          grunt_orc_garden, grunt_orc_garden
Vaults:1: nicolae_vaults_closet_pinwheel_1, v_misc_23,
          nicolae_vaults_sealed_display, v_misc_17,
          nicolae_vaults_trapezoid_lopsided_2, ontoclasm_vaults_gateway,
          nicolae_vaults_border_crossing, ontoclasm_vaults_twist,
          layout_vaults_quadrants
Vaults:2: hangedman_vaults_nails, nicolae_vaults_ninety_degrees,
          v_alt_pattern_6, nicolae_vaults_closet_pinwheel_5,
          vaults_room_fancy_cross, nicolae_vaults_sightless_eye,
          vaults_room_boxed, nicolae_vaults_little_squares_4,
          nicolae_vaults_hexular_roomagon, nicolae_vaults_prndl,
          nicolae_vaults_tetromino_Z_2, nicolae_vaults_little_squares_5,
          layout_vaults_omnibox
Vaults:3: v_misc_28, v_misc_30, nicolae_vaults_sesquioval_fish, v_misc_26,
          nicolae_vaults_apartment_1, minmay_crypt_entry_skeletal_spiral,
          nicolae_vaults_wrenched, v_rooms_3, st_check, v_misc_14,
          nicolae_vaults_layer_cake_slice, nicolae_vaults_little_ls,
          layout_vaults_maze, uniq_saint_roka
Crypt:1:  grunt_deathspiral_small, layout_regular_city
Crypt:2:  layout_regular_city, grunt_megastairs_3,
          roderic_lattice_octagonal_star
Crypt:3:  cryptofortress_bobbens
Tomb:1
Tomb:2
Tomb:3
Depths:1: layout_gridlike, minivault_11, serial_shops, nicolae_shop_trees,
          kennysheep_mini, shop, shop, nicolae_shop_behind_doors,
          grunt_mini_vestibule, minmay_the_grid_square_5x5_3x3_mashed
          [minmay_the_grid_square_5x5_lines, minmay_the_grid_square_5x5_v,
          minmay_the_grid_square_5x5_inner_i,
          minmay_the_grid_square_5x5_spiral_small,
          minmay_the_grid_square_5x5_megaprize_checkered,
          minmay_the_grid_square_5x5_shrine2,
          minmay_the_grid_square_5x5_one_wall,
          minmay_the_grid_square_5x5_misaligned,
          minmay_the_grid_square_5x5_gyroscope]
Depths:2: minmay_swirls_squares, layout_gridlike,
          hangedman_abyss_or_decor_jellyfish_corner, grunt_pan_entry_zigzag,
          hell_entry, kennysheep_treasure_room
Depths:3: vault_1, layout_gridlike, enter_ziggurat_e,
          minmay_misc_feat_more_columns, abyss_entry, hell_entry
Depths:4: evilmike_zot_entry_basic, layout_gridlike, abyss_entry,
          hangedman_decor_slide_cut, hell_entry, serial_shops,
          nicolae_shop_peninsula, nicolae_diode_quadrants

Skill      XL: |  1  2  3  4  5  6  7  8  9 10 11 12 13 14 15 16 17 18 19 20 21 22 23 24 25 |
---------------+----------------------------------------------------------------------------+-----
Stealth        | 1 2 3 4 5 6 7 8 9 10 11 12 13 14 15 | 15.8
Axes           | 3 4 5 7 8 10 11 12 13 14 15 16 17 18 19 | 19.2
Spellcasting   | 1 2 3 4 5 6 7 8 9 10 11 12 | 12.4
Fighting       | 4 5 6 7 8 9 10 11 12 13 14 15 16 17 18 | 18.0
Armour         | 4 5 6 7 8 9 10 11 12 13 14 15 | 15.6
Shields        | 5 6 7 8 9 10 11 12 13 14 15 16 17 18 19 | 19.4
Shapeshifting  | 2 3 4 5 6 7 8 9 10 | 10.8
Maces & Flails | 2 3 4 5 6 7 8 9 10 11 | 11.6
Dodging        | 3 4 5 6 7 8 9 |  9.1
Ranged Weapons | 3 5 7 8 10 11 12 | 12.3
Long Blades    | 1 4 5 6 7 8 9 10 | 10.2

Action                     |  1- 3 |  4- 6 |  7- 9 | 10-12 | 13-15 | 16-18 | 19-21 | 22-24 | 25-27 || total
---------------------------+-------+-------+-------+-------+-------+-------+-------+-------+-------++-------
  Melee: War axe           |    76 |   124 |   236 |   653 |  1357 |   931 |   529 |   752 |    64 ||  4722
         Great sword       |       |       |       |       |       |   208 |    57 |    79 |       ||   344
         Unarmed           |       |       |       |       |       |       |    51 |       |       ||    51
         Tailslap          |       |       |       |       |       |       |    15 |       |       ||    15
         Bite              |       |       |       |       |       |       |    12 |       |       ||    12
         Hand axe          |       |       |       |       |       |       |       |   109 |       ||   109
         Great mace        |       |       |       |       |       |       |       |   390 |       ||   390
   Fire: Hand cannon       |       |       |       |       |       |       |    16 |       |       ||    16
 Invoke: Call Merchant     |       |       |       |       |       |     1 |       |       |       ||     1
Ability: Dig               |       |       |       |       |    27 |       |     2 |     2 |       ||    31
         Breathe Fire      |       |       |       |       |       |       |     2 |       |       ||     2
         Begin Untransform |       |       |       |       |       |       |     2 |       |       ||     2
         Shaft Self        |       |       |       |       |       |       |       |     1 |       ||     1
  Evoke: Box of beasts     |       |       |       |       |       |       |       |       |     1 ||     1
    Use: Scroll            |       |       |     6 |     4 |     9 |     5 |     4 |     6 |       ||    34
         Potion            |       |       |       |       |     1 |     1 |       |     3 |       ||     5
   Stab: Distracted        |       |       |       |     7 |    12 |    37 |    20 |    41 |     3 ||   120
         Sleeping          |       |       |       |     4 |    12 |     2 |     4 |     3 |       ||    25
 Armour: Scale mail        |    22 |       |       |       |       |       |       |       |       ||    22
         Plate armour      |    47 |   141 |   254 |   448 |       |   424 |   292 |   730 |   146 ||  2482
         Swamp dragon scal |       |       |       |   208 |  2058 |    67 |       |       |       ||  2333
         Ice dragon scales |       |       |       |       |       |   107 |       |       |       ||   107
         Skin              |       |       |       |       |       |     1 |    69 |       |       ||    70
  Dodge: Dodged            |    30 |    54 |    97 |   240 |  1213 |   915 |   410 |   987 |   169 ||  4115
  Block: Buckler           |    32 |    44 |    81 |   213 |   714 |    49 |       |       |       ||  1133
         Kite shield       |       |       |       |       |       |   708 |   327 |  1089 |   178 ||  2302
   Form: Statue            |       |       |       |       |       |       |     1 |       |       ||     1
         Dragon            |       |       |       |       |       |       |     1 |       |       ||     1

Table legend: (Time is in decaauts)
 A = Elapsed time spent in this place.
 B = Non-inter-level travel time spent in this place.
 C = Inter-level travel time spent in this place.
 D = Time resting spent in this place.
 E = Time spent auto-exploring this place.
 F = Levels seen in this place.
 G = Mean time per level.
                   A        B        C        D        E       F      G
               +--------+--------+--------+--------+--------+-----+--------+
         Total |  49076 |  46822 |   2254 |   4766 |  29042 |  39 | 1258.4 |
       Dungeon |  17653 |  16725 |    928 |    307 |  12753 |  15 | 1176.9 |
        Temple |    204 |    186 |     18 |      0 |    162 |   1 |  204.0 |
          Lair |  10305 |   9895 |    410 |   1918 |   5407 |   5 | 2061.0 |
  Orcish Mines |   2086 |   1951 |    135 |    208 |   1070 |   2 | 1043.0 |
        Vaults |   3911 |   3870 |     41 |     24 |   2803 |   3 | 1303.7 |
         Crypt |   4008 |   3622 |    386 |    130 |   2417 |   3 | 1336.0 |
          Tomb |   2647 |   2552 |     95 |    997 |    587 |   3 |  882.3 |
        Depths |   6718 |   6479 |    239 |    915 |   3582 |   4 | 1679.5 |
         Abyss |    660 |    660 |      0 |     26 |     24 |   2 |  330.0 |
      Ice Cave |    881 |    881 |      0 |    241 |    235 |   1 |  881.0 |
               +--------+--------+--------+--------+--------+-----+--------+

Top non-repeatable levels by time:
  Lair:1: 2590 daAuts
  Lair:5: 2422 daAuts
  Lair:2: 2266 daAuts
    D:15: 1928 daAuts
Depths:1: 1912 daAuts
  Tomb:1: 1866 daAuts
 Crypt:3: 1763 daAuts
  Lair:3: 1747 daAuts
Depths:3: 1722 daAuts
Depths:2: 1709 daAuts
     D:8: 1538 daAuts
Vaults:2: 1531 daAuts
     D:5: 1435 daAuts
Depths:4: 1374 daAuts
Vaults:1: 1366 daAuts
